 Dungeon Crawl Stone Soup version 0.21.0 (webtiles) character file.

21 Aksej the Skirmisher (level 2, -3/29 HPs)
             Began as a Gnoll Wanderer on Jan 7, 2018.
             Slain by a gnoll
             ... wielding a +2 whip of electrocution
              (6 damage)
             ... on level 1 of the Dungeon.
             The game lasted 00:01:53 (531 turns).

Aksej the Skirmisher (Gnoll Wanderer)                Turns: 531, Time: 00:01:54

Health: -3/29      AC:  5    Str: 15    XL:     2   Next: 87%
Magic:  2/2        EV: 12    Int: 12    God:
Gold:   22         SH:  4    Dex: 15    Spells: 2/2 levels left

rFire    . . .     SeeInvis .   d - +0 club
rCold    . . .     Gourm    .   c - +0 buckler
rNeg     . . .     Faith    .   a - +2 leather armour
rPois    .         Spirit   .   (no helmet)
rElec    .         Reflect  .   (no cloak)
rCorr    .         Harm     .   (no gloves)
MR       .....                  (no boots)
Stlth    ++........             (no amulet)
HPRegen  0.09/turn              (no ring)
MPRegen  0.08/turn              (no ring)

@: no status effects
A: distributed training, fangs 1, strong nose
a: no special abilities


You were on level 1 of the Dungeon.
You were not hungry.

You visited 1 branch of the dungeon, and saw 1 of its levels.

You collected 22 gold pieces.

Inventory:

Hand Weapons
 d - a +0 club (weapon)
 e - a +0 dagger
Armour
 a - a +2 leather armour (worn)
 c - a +0 buckler (worn)
Scrolls
 g - a scroll of identify
 l - a scroll of enchant weapon {unknown}
Potions
 b - a potion of curing
 j - a potion of ambrosia {unknown}
 k - a potion of agility {unknown}
Comestibles
 f - 2 rations
 i - 2 chunks of flesh


   Skills:
 + Level 6.5 Fighting
 + Level 0.5 Short Blades
 + Level 0.5 Long Blades
 + Level 0.5 Axes
 + Level 0.5 Maces & Flails
 + Level 0.5 Polearms
 + Level 2.5 Staves
 + Level 0.5 Slings
 + Level 0.5 Bows
 + Level 0.5 Crossbows
 + Level 0.5 Throwing
 + Level 4.5 Armour
 + Level 2.5 Dodging
 + Level 4.1 Stealth
 + Level 2.5 Shields
 + Level 0.5 Unarmed Combat
 + Level 0.5 Spellcasting
 + Level 0.3 Conjurations
 + Level 0.3 Hexes
 + Level 0.3 Charms
 + Level 0.3 Summonings
 + Level 0.3 Necromancy
 + Level 0.3 Translocations
 + Level 0.3 Transmutations
 + Level 0.3 Fire Magic
 + Level 0.3 Ice Magic
 + Level 0.3 Air Magic
 + Level 0.3 Earth Magic
 + Level 0.3 Poison Magic
 + Level 0.6 Invocations
 + Level 0.5 Evocations


You had 2 spell levels left.
You didn't know any spells.

Dungeon Overview and Level Annotations

Branches:
Dungeon (1/15)

Altars:


Innate Abilities, Weirdness & Mutations

Your experience applies equally to all skills.
You have very sharp teeth.
Your uncanny sense of smell can sniff out nearby items.


Message History

You kill the giant cockroach!
Found a hand axe.
You see here a hand axe.
Found a leather armour.
l - a scroll labeled SETSU QOAJUGHO
Found a buckler.
A gnoll comes into view. It is wielding a whip of electrocution.
The helpless gnoll fails to defend itself.
You hit the gnoll.
The gnoll is moderately wounded.
The gnoll hits you with a whip of electrocution!
You are electrocuted!
Ouch! That really hurt!
* * * LOW HITPOINT WARNING * * *
The gnoll hits you with a whip of electrocution.
* * * LOW HITPOINT WARNING * * *
Unknown command.
It was a potion of magic.
Magic courses through your body.
The gnoll hits you with a whip of electrocution.
You die...

#.###..#. .# .......#.
.......#. .....#.# .....#..#
######### .....#.> ........#
#'#### #######.##### #...#
..#.........#
#.#^##########.#@###.###.#
........#....#.#g# #.# #.#
#...###.#.##.#.#.###.###.###.#
........#.##.#.#.............#
###.#...#.##[#.#####.###.#####
#).....#................#
#....#.#........###.##..#
#.##.#.#.##.#.....#.##..#
#.##.#.#....#.#####.##..#


You could see a gnoll.

Vanquished Creatures
  A gnoll (D:1)
  A dart slug (D:1)
  A leopard gecko (D:1)
  A bat (D:1)
  A giant cockroach (D:1)
  2 kobolds (D:1)
  A frilled lizard (D:1)
  A goblin (D:1)
9 creatures vanquished.

Notes
Turn   | Place    | Note
-------+----------+-------------------------------------------
     0 | D:1      | Aksej the Gnoll Wanderer began the quest for the Orb.
     0 | D:1      | Aksej set off with: a +2 leather armour, a potion of curing, a +0 buckler, a +0 club, a +0 dagger, a ration
     0 | D:1      | Reached XP level 1. HP: 23/23 MP: 1/1
    76 | D:1      | Reached XP level 2. HP: 6/29 MP: 2/2
   531 | D:1      | Slain by a gnoll

Action                   || total
-------------------------++-------
Melee: Club              ||    27
       Bite              ||     3
  Use: Scroll            ||     1
       Potion            ||     1
 Stab: Sleeping          ||     6
Armor: Leather armour    ||    11
Dodge: Dodged            ||     8
Block: Buckler           ||     3
